 Dungeon Crawl Stone Soup version 0.27.1-15-g792fb953b9 (webtiles) character file.

Game seed: 16368927223184082497

405 croobank the Digger (level 6, -4/45 HPs)
             Began as a Barachi Earth Elementalist on Nov 18, 2021.
             Was a Believer of the Shining One.
             Slain by a killer bee (8 damage)
             ... summoned by Eustachio
             ... on level 3 of the Dungeon.
             The game lasted 00:55:08 (3871 turns).

croobank the Digger (Barachi Earth Elementalist)    Turns: 3871, Time: 00:55:11

Health: -4/45      AC:  4    Str: 11    XL:     6   Next: 87%
Magic:  2/11       EV: 13    Int: 15    God:    the Shining One [**....]
Gold:   107        SH:  6    Dex: 13    Spells: 5/12 levels left

rFire    . . .     SeeInvis .   d - +0 dagger
rCold    . . .     Faith    .   (no shield)
rNeg     + . .     Spirit   .   b - +0 robe
rPois    .         Reflect  .   a - +1 helmet
rElec    .         Harm     .   (no cloak)
rCorr    .         Rampage  .   (no gloves)
Will     .....                  (no boots)
Stlth    +.........             g - amulet of regeneration
HPRegen  1.15/turn              (no ring)
MPRegen  0.12/turn              (no ring)

@: lethally poisoned (-4 -> -5), divinely shielded, glowing, slow
A: amphibious, slowness 1, strong legs 1, +LOS
a: Hop, Renounce Religion, Divine Shield


You were on level 3 of the Dungeon.
You worshipped the Shining One.
The Shining One was pleased with you.
You visited 1 branch of the dungeon, and saw 4 of its levels.

You collected 107 gold pieces.

Inventory:

Hand Weapons
 d - a +0 dagger (weapon)
 l - a +3 vorpal hand axe
Missiles
 c - 76 stones
 e - 4 silver javelins
Armour
 a - a +1 helmet (worn)
 b - a +0 robe (worn)
 m - a +0 leather armour
Jewellery
 g - an amulet of regeneration (around neck)
Wands
 h - a wand of iceblast (6)
 p - a wand of polymorph (6)
Scrolls
 i - 2 scrolls of holy word
 j - a scroll of amnesia
 k - a scroll of acquirement {unknown}
Potions
 f - a potion of haste
 n - 3 potions of lignification
 q - a potion of degeneration {unknown}


   Skills:
 + Level 2.3 Fighting
 - Level 0.5 Short Blades
 * Level 2.2 Axes
 + Level 4.1 Dodging
 + Level 2.5 Stealth
 + Level 0.3 Unarmed Combat
 + Level 3.9 Spellcasting
 + Level 1.1 Transmutations
 + Level 4.2 Earth Magic


You had 5 spell levels left.
You knew the following spells:

 Your Spells              Type           Power      Damage    Failure   Level
a - Sandblast             Erth           30%        2d9       3%          1
b - Beastly Appendage     Tmut           12%        N/A       12%         1
c - Wereblood             Tmut           6%         N/A       17%         2
d - Stone Arrow           Conj/Erth      18%        3d8       22%         3

Your spell library contained the following spells:

 Spells                   Type           Power      Damage    Failure   Level
 Passwall                 Tmut/Erth      8%         N/A       10%         2
 Spider Form              Tmut/Pois      2%         N/A       41%         3
 Gell's Gravitas          Tloc           1%         N/A       50%         3
 Teleport Other           Tloc           2%         N/A       50%         3
 Petrify                  Tmut/Erth      10%        N/A       52%         4
 Dispersal                Tloc           1%         N/A       100%        6


Dungeon Overview and Level Annotations

Branches:
Dungeon (4/15)
 Temple: D:4-7

Altars:
The Shining One

Annotations:
D:3 Eustachio
D:4 1 transporter, KittyFluff's ghost, novice GrBe


Innate Abilities, Weirdness & Mutations

You are amphibious.
You cover ground slowly.
You can hop short distances.
You have an extended range of vision and can be seen from far away.


Message History

Press: ? - help, Shift-Dir - straight line The bat evaporates and reforms as a killer bee!
The shadow imp disappears in a puff of smoke!
The killer bee barely misses you.
Eustachio mumbles some strange words.
The killer bee closely misses you.
You hit the killer bee but do no damage.
The killer bee stings you.
* * * LOW HITPOINT WARNING * * *
You block the killer bee's attack.
You hit the killer bee but do no damage.
The killer bee closely misses you.
Eustachio gestures wildly while chanting.
Eustachio blinks!
You block the killer bee's attack.
You hit the killer bee.
The killer bee is lightly wounded.
The crimson imp disappears in a puff of smoke!
The killer bee closely misses you.
The killer bee stings you but does no damage.
You hit the killer bee.
The killer bee is moderately wounded.
You are ready to hop once more.
The killer bee misses you. The killer bee stings you.
* * * LOW HITPOINT WARNING * * *
You are poisoned.
The killer bee poisons you!
You feel very sick. You block the killer bee's attack.
You feel sick. The killer bee misses you. The killer bee stings you.
* * * LOW HITPOINT WARNING * * *
Okay, then.
It was a potion of cancellation.
You feel magically purged.
You feel sick. The killer bee barely misses you.
You block the killer bee's attack.
You hit Eustachio but do no damage.
Eustachio is almost dead.
You feel sick. The killer bee barely misses you. The white imp gestures at you.
The puff of frost misses you. Eustachio barely misses you.
The killer bee stings you!
You die...

#.# #..# #..# #.### #)# #..#
#..# #.... ##.#
#..#######..### #.### #..#
#..##.........# #.# #.##
#..##.###...#.# #.### #5#
#.......#...#.# #.... #5#
#...........#.# ###.# #@#
#..........##.# #.# #>#
##..@.....###.# #.# #b#
#5y.@....# #.# #.# #.#
#r###.#..# #.# #†# #.# #b#
#.#..###.#####.# #.#########.#
#.#............#
#..........b###.#<.#####.#####
##########.5.......# #.#
#........§5..##.#####.#####
#.######.######............


You could see Eustachio, a killer bee (summoned), a river rat (summoned), a
white imp (summoned) and a bat (summoned).

Vanquished Creatures
  Grinder (D:4)
  A bullfrog (D:3)
  An orc wizard (D:3)
  A scorpion zombie (D:4)
  An adder (D:4)
  A gnoll (D:1)
  An adder skeleton (D:3)
  A worm (D:2)
  2 dart slugs
  6 orcs
  8 endoplasms
  4 giant cockroaches (D:1)
  8 goblins
  7 hobgoblins
  12 jackals
  3 kobolds
  2 ball pythons
  9 bats
  2 frilled lizards
  7 rats
78 creatures vanquished.

Notes
Turn   | Place    | Note
-------+----------+-------------------------------------------
     0 | D:1      | croobank the Barachi Earth Elementalist began the quest for
                  | the Orb.
     0 | D:1      | Reached XP level 1. HP: 13/13 MP: 3/3
   254 | D:1      | Learned a level 1 spell: Beastly Appendage
   678 | D:1      | Reached XP level 2. HP: 9/19 MP: 1/5
   872 | D:1      | Found a faded altar of an unknown god.
  1118 | D:1      | Reached XP level 3. HP: 15/24 MP: 0/7
  1608 | D:1      | Became a worshipper of the Shining One
  1608 | D:1      | Reached * piety under the Shining One
  2218 | D:2      | Reached XP level 4. HP: 31/31 MP: 5/8
  3065 | D:3      | Learned a level 2 spell: Wereblood
  3069 | D:3      | Learned a level 3 spell: Stone Arrow
  3248 | D:3      | Reached XP level 5. HP: 36/36 MP: 10/10
  3556 | D:4      | Reached skill level 1 in Fighting
  3634 | D:4      | Noticed Eustachio
  3634 | D:4      | Reached ** piety under the Shining One
  3634 | D:4      | Noticed Grinder
  3636 | D:4      | Found a transporter.
  3636 | D:4      | Noticed KittyFluff's ghost (novice GrBe)
  3652 | D:4      | Reached skill level 1 in Axes
  3657 | D:4      | Paralysed by Grinder for 3 turns
  3663 | D:4      | Paralysed by Grinder for 3 turns
  3682 | D:4      | Killed Grinder
  3683 | D:4      | Reached XP level 6. HP: 21/44 MP: 3/11
  3871 | D:3      | Slain by a killer bee

Illustrated notes

Levels and vault maps discovered:
D:1:      sevenhm_arrival_forest_fort_large_4, layout_loops_ring,
          hellmonk_ecumenical_altar_run_dry, minmay_misc_feat_roman,
          minmay_pentomino_q4
D:2:      layout_basic, serial_rivers, chequers_serial_rivers_small_b,
          chequers_serial_rivers_small_b, chequers_serial_rivers_micro_d,
          chequers_serial_rivers_marsh, chequers_serial_rivers_micro_b,
          hangedman_glass_teeth, minmay_split_cup_large
D:3:      layout_loops_ring
D:4:      layout_rooms, minitemple, lemuel_blue_sif_altar,
          gammafunk_ghost_mausoleum, minmay_manual_macuahuitl, uniq_eustachio,
          uniq_grinder

Skill      XL: |  1  2  3  4  5  6 |
---------------+-------------------+-----
Stealth        | 2 |  2.5
Spellcasting   | 3 |  3.9
Dodging        | 3 4 |  4.1
Fighting       | 2 |  2.3
Axes           | 2 |  2.2
Earth Magic    | 4 |  4.2
Short Blades   | |  0.5
Unarmed Combat | |  0.3
Transmutations | |  1.1

Action                   |  1- 3 |  4- 6 || total
-------------------------+-------+-------++-------
Melee: Unarmed           |    43 |       ||    43
       Kick              |     4 |       ||     4
       Headbutt          |     3 |       ||     3
       Dagger            |    94 |   258 ||   352
 Cast: Sandblast         |    35 |    33 ||    68
       Beastly Appendage |     3 |       ||     3
       Stone Arrow       |       |     2 ||     2
       Wereblood         |       |     2 ||     2
Invok: Divine Shield     |       |     1 ||     1
 Abil: Hop               |     1 |     5 ||     6
Evoke: Wand              |       |     3 ||     3
  Use: Scroll            |     3 |     2 ||     5
       Potion            |       |     4 ||     4
 Stab: Sleeping          |     1 |       ||     1
Armor: Robe              |    36 |    95 ||   131
Dodge: Dodged            |    70 |   216 ||   286
Block: Other             |       |    12 ||    12
